 Dungeon Crawl Stone Soup version 0.27-a0-607-g1ad3dbde53 (webtiles) character file.

Game seed: 2671100887399606991

116 Johnny the Magician (level 4, -7/25 HPs)
             Began as a Deep Elf Earth Elementalist on Mar 13, 2021.
             Killed by divine providence
             ... invoked by an orc priest
              (14 damage)
             ... on level 3 of the Dungeon.
             The game lasted 00:02:21 (4053 turns).

Johnny the Magician (Deep Elf Earth Elementalist)   Turns: 4053, Time: 00:02:22

Health: -7/25      AC:  3    Str:  5    XL:     4   Next: 69%
Magic:  0/13       EV: 12    Int: 21    God:
Gold:   156        SH:  0    Dex: 15    Spells: 12/13 levels left

rFire    . . .     SeeInvis .   d - +2 dagger (venom)
rCold    . . .     Faith    .   (no shield)
rNeg     . . .     Spirit   .   c - +0 robe
rPois    .         Reflect  .   (no helmet)
rElec    .         Harm     .   a - +0 cloak
rCorr    .         Rampage  .   (no gloves)
Will     .....                  (no boots)
Stlth    +++.......             (no amulet)
HPRegen  0.08/turn              (no ring)
MPRegen  0.13/turn              (no ring)

@: very slightly contaminated
A: no striking features
a: no special abilities


You were on level 3 of the Dungeon.
You visited 1 branch of the dungeon, and saw 3 of its levels.

You collected 156 gold pieces.

Inventory:

Hand Weapons
 d - a +2 dagger of venom (weapon)
Missiles
 b - 116 stones
Armour
 a - a +0 cloak (worn)
 c - a +0 robe (worn)
Scrolls
 g - a scroll of teleportation {unknown}
 h - a scroll of identify {unknown}
 j - a scroll of random uselessness {unknown}
 n - a scroll of blinking {unknown}
Potions
 e - a potion of attraction {unknown}
 f - a potion of lignification {unknown}
 i - a potion of magic {unknown}
 k - a potion of heal wounds {unknown}
 l - a potion of ambrosia {unknown}
 m - 2 potions of curing {unknown}


   Skills:
 + Level 1.5 Fighting
 - Level 2.4 Dodging
 + Level 3.7 Stealth
 * Level 5.3 Spellcasting
 - Level 1.1 Transmutations
 - Level 3.2 Earth Magic


You had 12 spell levels left.
You knew the following spells:

 Your Spells              Type           Power      Damage    Failure   Level
a - Sandblast             Erth           38%        2d10      2%          1

Your spell library contained the following spells:

 Spells                   Type           Power      Damage    Failure   Level
 Passwall                 Tmut/Erth      11%        N/A       6%          2
 Stone Arrow              Conj/Erth      24%        3d8       16%         3
 Petrify                  Tmut/Erth      14%        N/A       38%         4
 Lee's Rapid Deconstruct  Erth           9%         3d8*      58%         5


Dungeon Overview and Level Annotations

Branches:
Dungeon (3/15)

Altars:
Ashenzari
Cheibriados


Message History

The blast of sand hits the orc priest but does no damage.
The orc priest is lightly wounded.
The orc priest hits you but does no damage.
Casting: Sandblast (safe; 2% risk of failure)
Confirm with . or Enter, or press ? or * to list all spells.
Aiming: Sandblast (safe; 2% risk of failure)
Press: ? - help, Shift-Dir - straight line, f/p - orc priest
Aim: an orc priest, wielding a +0 dagger and wearing a +0 leather armour (lightly wounded, 21% to evade)
The blast of sand misses the orc priest.
The orc priest closely misses you.
Casting: Sandblast (safe; 2% risk of failure)
Confirm with . or Enter, or press ? or * to list all spells.
Aiming: Sandblast (safe; 2% risk of failure)
Press: ? - help, Shift-Dir - straight line, f/p - orc priest
Aim: an orc priest, wielding a +0 dagger and wearing a +0 leather armour (lightly wounded, 21% to evade)
The blast of sand hits the orc priest.
The orc priest is heavily wounded.
The orc priest hits you but does no damage.
Casting: Sandblast (safe; 2% risk of failure)
Confirm with . or Enter, or press ? or * to list all spells.
You don't have enough magic to cast this spell.
Casting: Sandblast (safe; 2% risk of failure)
Confirm with . or Enter, or press ? or * to list all spells.
You don't have enough magic to cast this spell.
Casting: Sandblast (safe; 2% risk of failure)
Confirm with . or Enter, or press ? or * to list all spells.
You don't have enough magic to cast this spell.
Casting: Sandblast (safe; 2% risk of failure)
Confirm with . or Enter, or press ? or * to list all spells.
You don't have enough magic to cast this spell.
Unknown command.
Casting: Sandblast (safe; 2% risk of failure)
Confirm with . or Enter, or press ? or * to list all spells.
Okay, then.
You hit the orc priest.
The orc priest is poisoned.
The orc priest is severely wounded.
The orc priest mumbles some strange prayers to Beogh against you.
Beogh smites you!
Ouch! That really hurt!
You die...

#########.
#....oS.o.
#o#######.
#@# #.# #.#
#.# #.#
####....#
#.#
#.......#
#.#
#.......#..
#.#
##.......#.#
#.#
#........#.#


You could see an orc priest (very poisoned).

Vanquished Creatures
  Terence (D:2)
  An adder (D:3)
  An adder skeleton (D:2)
  A worm (D:2)
  2 dart slugs (D:3)
  4 orcs (D:3)
  A giant cockroach (D:2)
  9 hobgoblins
  9 jackals (D:2)
  5 kobolds
  A quokka (D:2)
  3 ball pythons (D:3)
  9 bats
  5 frilled lizards
  7 goblins
  9 rats
68 creatures vanquished.

Notes
Turn   | Place    | Note
-------+----------+-------------------------------------------
     0 | D:1      | Johnny the Deep Elf Earth Elementalist began the quest for
                  | the Orb.
     0 | D:1      | Reached XP level 1. HP: 10/10 MP: 6/6
   416 | D:1      | Reached XP level 2. HP: 9/15 MP: 5/8
  1810 | D:2      | Found a broken altar of Ashenzari.
  1903 | D:2      | Reached skill level 4 in Spellcasting
  2291 | D:2      | Reached XP level 3. HP: 20/20 MP: 10/10
  2337 | D:2      | Reached skill level 1 in Fighting
  3164 | D:2      | Noticed Terence
  3180 | D:2      | Killed Terence
  3181 | D:2      | Reached XP level 4. HP: 4/25 MP: 12/12
  3608 | D:3      | Reached skill level 5 in Spellcasting
  3912 | D:3      | Found a snail-covered altar of Cheibriados.
  4053 | D:3      | Killed from afar by an orc priest

Illustrated notes

Levels and vault maps discovered:
D:1:      amcnicky_arrival_single_pillar, layout_loops_corners
D:2:      layout_loops_corners, st_stairs_10, nicolae_ashenzari_panopticon,
          uniq_terence
D:3:      layout_basic, kennysheep_slug_shrine

Skill      XL: |  1  2  3  4 |
---------------+-------------+-----
Stealth        | 3 |  3.7
Spellcasting   | 4 5 |  5.3
Fighting       | 1 |  1.5
Dodging        | |  2.4
Transmutations | |  1.1
Earth Magic    | |  3.2

Action                   |  1- 3 |  4- 6 || total
-------------------------+-------+-------++-------
Melee: Unarmed           |    31 |       ||    31
       Dagger            |    76 |    23 ||    99
 Cast: Sandblast         |    22 |    23 ||    45
 Stab: Sleeping          |    10 |     2 ||    12
       Distracted        |     2 |       ||     2
Armor: Robe              |    25 |     9 ||    34
Dodge: Dodged            |    77 |    20 ||    97

Table legend: (Time is in decaauts)
 A = Elapsed time spent in this place.
 B = Non-inter-level travel time spent in this place.
 C = Inter-level travel time spent in this place.
 D = Time resting spent in this place.
 E = Time spent auto-exploring this place.
 F = Levels seen in this place.
 G = Mean time per level.
                   A        B        C        D        E       F      G
               +--------+--------+--------+--------+--------+-----+--------+
         Total |   4053 |   3978 |     75 |   1111 |   2419 |   3 | 1351.0 |
       Dungeon |   4053 |   3978 |     75 |   1111 |   2419 |   3 | 1351.0 |
               +--------+--------+--------+--------+--------+-----+--------+

Top non-repeatable levels by time:
     D:2: 1889 daAuts
     D:1: 1676 daAuts
     D:3: 487 daAuts
